 Dungeon Crawl Stone Soup version 0.26.1-2-gb8aa6d0cf2 (webtiles) character file.

Game seed: 18194872279451622904

26 RaHiT the Sneak (level 3, -3/26 HPs)
             Began as an Octopode Delver on Mar 23, 2021.
             Slain by a river rat (10 damage)
             ... in a sewer.
             The game lasted 00:07:14 (531 turns).

RaHiT the Sneak (Octopode Delver)                    Turns: 531, Time: 00:07:15

Health: -3/26      AC:  1    Str: 11    XL:     3   Next: 8%
Magic:  3/3        EV: 14    Int: 13    God:
Gold:   58         SH:  0    Dex: 13    Spells: 2/2 levels left

rFire    . . .     SeeInvis .     - Unarmed
rCold    . . .     Faith    .   (no shield)
rNeg     . . .     Spirit   .   (helmet restricted)
rPois    .         Reflect  .   (no amulet)
rElec    .         Harm     .   (no ring)
rCorr    .         Rampage  .   (no ring)
Will     .....                  (no ring)
Stlth    ++++......             (no ring)
HPRegen  0.08/turn              (no ring)
MPRegen  0.08/turn              (no ring)
                                (no ring)
                                (no ring)

@: no status effects
A: almost no armour, stealthy swim, amphibious, 8 rings, constrict 8, camouflage
1, gelatinous body 1
a: no special abilities


You were in a sewer.
You visited 1 branch of the dungeon, and saw 3 of its levels.
You also visited: Sewer.

You collected 58 gold pieces.

Inventory:

Missiles
 g - 9 arrows
Wands
 e - a wand of digging (2)
Scrolls
 a - a scroll of fog
 c - a scroll of fear
Potions
 b - 4 potions of flight


   Skills:
 - Level 3.0 Fighting
 - Level 3.0 Dodging
 - Level 7.0 Stealth
 * Level 2.2 Unarmed Combat


You had 2 spell levels left.
You didn't know any spells.
Your spell library was empty.

Dungeon Overview and Level Annotations

Branches:
Dungeon (6/15)             Temple (0/1) D:4           Sewer (1/1)

Altars:
Hepliaklqana
Okawaru


Innate Abilities, Weirdness & Mutations

You cannot wear most types of armour.
You are very stealthy in the water. (Stealth+)
You are amphibious.
You can wear up to eight rings at the same time.
You can use your tentacles to constrict eight enemies at once.
Your skin changes colour to match your surroundings (Stealth+).
Your rubbery body absorbs attacks. (AC +1, EV +1)


Message History

The river rat bites you.
You tentacle-slap the river rat. Your grab misses the river rat.
The river rat is lightly wounded.
The river rat bites you.
You tentacle-slap the river rat but do no damage.
Your grab misses the river rat. Your squeeze misses the river rat.
The river rat is lightly wounded.
The river rat bites you.
You tentacle-slap the river rat but do no damage.
You grab the river rat.
The river rat is lightly wounded.
You constrict the river rat, but do no damage.
The rat twitches its whiskers.
The river rat bites you!
* * * LOW HITPOINT WARNING * * *
You tentacle-slap the river rat.
The river rat is moderately wounded.
You constrict the river rat, but do no damage.
The river rat bites you!
You die...

≈≈≈≈≈≈≈≈S ####
≈≈≈≈≈≈≈≈≈≈≈≈. #.r†
≈≈≈≈≈≈≈m≈≈≈≈.# #### #.##
≈≈≈≈≈≈≈≈≈≈≈≈.# #..#
≈≈≈≈≈≈≈≈≈≈≈≈.# #..#
≈≈≈≈≈≈≈≈≈≈≈≈≈###r.#
≈≈≈≈≈≈≈≈≈≈≈≈≈≈≈#.r######
≈≈≈≈≈≈≈≈≈≈≈≈≈≈≈≈r≈≈≈≈≈≈≈
≈≈≈≈≈≈≈≈≈≈≈≈≈≈≈#@.#####
≈≈≈≈≈≈≈≈≈≈≈≈≈###.r#
≈≈≈≈≈≈≈≈≈≈≈≈≈# ##.#
≈≈≈≈≈≈≈≈≈≈≈≈## ..
≈≈≈≈≈≈≈≈≈†≈≈≈#####..
≈≈≈≈≈≈≈≈≈≈≈≈≈≈≈≈≈########
≈≈≈≈≈≈≈≈≈≈≈≈≈≈≈≈≈≈#######
≈≈≈≈≈≈≈≈≈≈≈≈≈≈≈≈≈≈#######
≈≈≈≈≈≈≈≈≈≈≈≈≈≈≈≈≈≈#######


You could see a river rat and 3 rats.

Vanquished Creatures
  An adder (Sewer)
  4 ball pythons (Sewer)
  A giant cockroach (Sewer)
  4 frilled lizards
  A quokka zombie (D:5)
  11 rats (Sewer)
22 creatures vanquished.

Vanquished Creatures (others)
  11 plants (D:5)
11 creatures vanquished.

Grand Total: 33 creatures vanquished

Notes
Turn   | Place    | Note
-------+----------+-------------------------------------------
     0 | D:5      | RaHiT the Octopode Delver began the quest for the Orb.
     0 | D:5      | Reached XP level 1. HP: 16/16 MP: 1/1
     5 | D:6      | Found an iron altar of Okawaru.
    53 | D:5      | Found a hazy altar of Hepliaklqana.
    91 | D:5      | Noticed a worker ant
   151 | D:5      | Noticed an ogre
   185 | D:4      | Found a glowing drain.
   193 | Sewer    | Entered a sewer
   257 | Sewer    | Noticed a sickly merfolk siren
   278 | Sewer    | Reached XP level 2. HP: 11/21 MP: 2/2
   354 | Sewer    | Noticed a sickly merfolk siren
   480 | Sewer    | Reached skill level 7 in Stealth
   480 | Sewer    | Reached XP level 3. HP: 22/26 MP: 3/3
   505 | Sewer    | Noticed a malarious merfolk avatar
   531 | Sewer    | Slain by a river rat

Illustrated notes

Levels and vault maps discovered:
D:4:      cheibrodos_pilgrimage, layout_basic, lemuel_round_altar,
          minmay_temple_entry_glassed_door, gup_sewer_entry_bubbles,
          serial_shops, nicolae_shop_stone, minmay_misc_feat_square,
          minmay_fire_ice_demons, uniq_eustachio
D:5:      layout_loops_ring, general_overflow_altar, basic_altar, serial_bayou,
          serial_bayou_pond_d, serial_bayou_pond_c, serial_bayou_lagoon_b,
          serial_bayou_pond_b, uniq_ijyb
D:6:      layout_rooms, kennysheep_mini, lemuel_crystal_altar
Sewer:    sewer_sea

Skill      XL: |  1  2 |
---------------+-------+-----
Dodging        | 3 |  3.0
Stealth        | 7 |  7.0
Fighting       | |  3.0
Unarmed Combat | |  2.2

Action                   || total
-------------------------++-------
Melee: Unarmed           ||    49
       Constrict         ||    15
       Tentacles         ||     3
       Punch             ||     1
Throw: Stone             ||    21
Evoke: Wand              ||     1
  Use: Scroll            ||     3
       Potion            ||     1
 Stab: Sleeping          ||     5
Armor: Skin              ||     3
Dodge: Dodged            ||    25
